 BcadrenCrawl: Boulder Brew version 0.06-249-g3c0b566573 (webtiles) character file.

Game seed: 303927656484473493, levelgen mode: deterministic

433 gruber the Frost Mage (level 6, 0/32 HPs) Deep Elf Ice Elementalist. Began on Aug 17, 2022. Slain by a sewer rat (4 damage) ... on level 2 of the Dungeon. The game lasted 00:07:33 (1743 turns).

gruber the Frost Mage (Deep Elf Ice Elementalist)   Turns: 1743, Time: 00:07:33

Health: 0/32       AC:  3    Str:  5    XL:     6 ^: 114
Magic:  7/12       EV: 13    Int: 22    God:
Gold:   85         SH:  0    Dex: 15    Spells: 5/11 levels left

rFire    . . .     Slash    x   (no weapon)
rCold    . . .     Pierce   .   (no weapon)
rNeg     . . .     Bludgeon .   a - +0 robe
rCorr    . . .     Vision   .   (no helmet)
rPois    .         Gourm    .   (no cloak)
rElec    .         Faith    .   g - +0 pair of gloves
MR       .....     Spirit   .   (no boots)
HPRegen  0.60/turn Reflect  .   b - amulet of regeneration
MPRegen  0.22/turn Harm     .   h - ring of stealth
Stlth    ++........             (no ring)

@: very slow
A: soft flesh
a: no special abilities


You were on level 2 of the Dungeon.
You were hungry.

You visited 1 branch of the dungeon, and saw 2 of its levels.

You collected 85 gold pieces.

Inventory:

Armour
 a - a +0 robe (worn)
 g - a +0 pair of gloves (worn)
Jewellery
 b - an amulet of regeneration (around neck)
 h - a ring of stealth (left hand)
Potions
 d - a potion of curing
 f - 2 potions of brilliance
Miscellaneous
 e - a phial of floods
Comestibles
 c - a ration


   Skills:
 - Level 2.4 Dodging
 - Level 2.4 Stealth
 - Level 3.0 Spellcasting
 + Level 0.3 Charms
   Level 1.1 Summonings
 + Level 8.3 Ice Magic


You had 5 spell levels left.
You knew the following spells:

 Your Spells              Type           Power        Failure   Level  Hunger
a - Freeze                Ice            25 (25)      1%          1    0
b - Throw Frost Ice 40 (50) 1% 2 14-54 c - Ozocubu's Armour Chrm/Ice       22 (100)     6%          3    54-114

Your spell library contained the following spells:

 Spells                   Type           Power        Failure   Level  Hunger
 Hailstorm Ice 40 (100) 4% 4 134-234 Throw Icicle Ice 40 (100) 4% 4 134-234 Summon Ice Beast Ice/Summ       24 (100)     17%         4    134-234


Dungeon Overview and Level Annotations

Branches:
Dungeon (2/8)

Altars:
Fedhas Madash


Innate Abilities, Weirdness & Mutations

Your soft flesh is weak to deep cuts.
Heavy manmade armour will nullify this weakness. (rSlashing-)


Message History

Casting: Freeze (safe; 1% risk of failure)
Confirm with . or Enter, or press ? or * to list all spells.
Aiming: Freeze (safe; 1% risk of failure)
Press: ? - help, Shift-Dir - straight line, f/p - sewer rat
Aim: a sewer rat (84%, 84% to-hit, almost dead (1/10), 70% (Melee), slow)
You freeze the sewer rat (7)!
You kill the sewer rat!
The sewer rat bites you but does no damage.
The sewer rat barely misses you.
Casting: Freeze (safe; 1% risk of failure)
Confirm with . or Enter, or press ? or * to list all spells.
Aiming: Freeze (safe; 1% risk of failure)
Press: ? - help, Shift-Dir - straight line, f - sewer rat
Aim: a sewer rat (84%, 84% to-hit, healthy (12/12), 70% (Melee))
You freeze the sewer rat (4).
The sewer rat is moderately wounded. (8/12) HP The sewer rat bites you (4).
* * * LOW HITPOINT WARNING * * *
The sewer rat bites you (4).
You die...

≈≈≈≈≈≈≈.≈#####. ≈#≈≈≈≈≈≈##
#. #≈≈≈≈≈≈# #. ###
#.≈≈≈≈≈≈# ## ###≈##
.#≈≈≈≈≈≈# # ##≈≈†.#
#≈≈≈≈≈≈# # #..†#†#####
####≈≈≈≈≈≈# ##
r≈≈###r≈..### ##r##≈≈≈≈≈≈#
##. ##≈..###≈.≈.#
#@rr#≈≈≈≈≈≈# #≈≈
#.#.#.###≈.# ##rr..≈≈≈P≈#
#≈# ###≈≈.#.#≈###
##r..≈≈≈≈≈# #≈#
##≈#≈≈#≈..## ##.....≈≈#
###÷# ####≈##...# ##.≈≈..≈#
#≈†;#
##.≈...######≈≈≈≈≈÷###††≈.
##.##..###...#≈≈≈≈≈.≈≈≈≈#≈#
#≈≈##≈..##...#≈≈≈≈≈.#†≈##≈#
##.##...≈##.≈#!≈≈≈≈...##≈##


You could see 6 submerged sewer rats.

Vanquished Creatures
  2 jellies
  A giant cockroach (D:1)
  A cysgobwca (D:2)
  An adder (D:2)
  24 sewer rats (D:2)
  11 cinder newts
  A bullfrog (D:2)
  An ooze (D:2)
  A leopard gecko (D:2)
  A ball python (D:2)
  A cinder newt skeleton (D:2)
  3 goblins (D:1)
  6 hobgoblins (D:1)
  5 bats
  3 kobolds
  8 rats (D:1)
70 creatures vanquished.

Vanquished Creatures (others)
  A giant cockroach (D:2)
  A leopard gecko (D:2)
  An adder skeleton (D:2)
  2 ball pythons (D:2)
  2 goblins (D:1)
  2 bats (D:1)
  6 kobolds
  A rat (D:2)
  4 giant blowflies (D:2)
  A slimehead (D:2)
  56 withered plants (D:2)
77 creatures vanquished.

Grand Total: 147 creatures vanquished

Notes
Turn   | Place    | Note
-------+----------+-------------------------------------------
     0 | D:1      | gruber the Deep Elf Ice Elementalist began the quest for
                  | the Orb.
     0 | D:1      | Reached XP level 1. HP: 10/10 MP: 6/6
    43 | D:1      | Reached skill level 4 in Ice Magic
    43 | D:1      | Reached XP level 2. HP: 8/15 MP: 2/8
   185 | D:1      | Reached XP level 3. HP: 4/19 MP: 3/9
   323 | D:1      | Learned a level 2 spell: Throw Frost
   327 | D:1      | Learned a level 3 spell: Ozocubu's Armour
   420 | D:1      | Reached skill level 5 in Ice Magic
   691 | D:1      | Reached XP level 4. HP: 21/24 MP: 4/10
   911 | D:1      | Reached skill level 6 in Ice Magic
  1041 | D:2      | Reached XP level 5. HP: 28/28 MP: 2/11
  1223 | D:2      | Found a blossoming altar of Fedhas.
  1310 | D:2      | Reached skill level 7 in Ice Magic
  1377 | D:2      | Reached XP level 6. HP: 12/32 MP: 2/12
  1602 | D:2      | Reached skill level 8 in Ice Magic
  1743 | D:2      | Slain by a sewer rat

Levels and vault maps discovered:
D:1:      heliophobic_arrival_enchanted_forest, layout_basic
D:2:      layout_sewer, old_standard_altar, kennysheep_sewer_church

Skill      XL: |  1  2  3  4  5  6 |
---------------+-------------------+-----
Ice Magic      | 4 5 6 7 8 |  8.3
Dodging        | |  2.4
Stealth        | |  2.4
Spellcasting   | |  3.0
Charms         | |  0.3
Summonings     | |  1.1

Action                   |  1- 3 |  4- 6 || total
-------------------------+-------+-------++-------
Melee: Unarmed           |       |    17 ||    17
 Cast: Freeze            |    40 |   103 ||   143
       Throw Frost       |     9 |    21 ||    30
       Ozocubu's Armour  |       |     2 ||     2
  Eat: Chunk             |       |     3 ||     3
Armor: Robe              |     7 |    15 ||    22
Dodge: Dodged            |    12 |    31 ||    43
